 Dungeon Crawl Stone Soup version 0.31-a0-175-g9f7f995f2b (webtiles) character file.

Game seed: 15214937686796627459

384815 qw the Slayer (level 22, 0/161 HPs)
             Began as a Gargoyle Hunter on June 16, 2023.
             Was an Elder of Okawaru.
             Slain by a fire giant
             ... wielding a +2 great sword of flaming
              (2 damage)
             ... while paralysed by a dread lich
             ... on level 5 of the Vaults.
             The game lasted 00:25:05 (39697 turns).

qw the Slayer (Gargoyle Hunter)                    Turns: 39697, Time: 00:25:05

Health: 0/161      AC: 37    Str: 15    XL:     22   Next: 97%
Magic:  24/29      EV:  2    Int: 17    God:    Okawaru [****..]
Gold:   62         SH:  0    Dex: 36    Spells: 21/21 levels left

rFire   + . .        b - +8 longbow "Zephyr" {speed, Dex+3 SInv}
rCold   + + .        (shield currently unavailable)
rNeg    + + .        U - +0 troll leather armour "Nudof" {Contam Rampage Fly Regen+ Dex+6}
rPois   inf          S - +2 hat {Will+}
rElec   +            j - +1 cloak "Tudi Sov" {rN+}
rCorr   +            J - +1 pair of gloves of the Telling Gods {rPois rF+ rC+ rCorr}
SInv    +            a - +2 pair of boots "Udie" {rC+ Will+ Int+4 Slay+2}
Will    +....        C - amulet of Buod {Faith SInv}
Stlth   ++++         I - +6 ring of dexterity
HPRegen 1.26/turn    D - +5 ring of evasion
MPRegen 0.21/turn

%: rampage, faith
@: paralysed, weak-willed, heroic, finesse-ful, flying
A: sickness immunity, AC +16, big wings, negative energy resistance 1,
electricity resistance, torment resistance 1, petrification resistance
}: 2/15 runes: decaying, gossamer
a: Renounce Religion, Heroism, Finesse


You were on level 5 of the Vaults.
You worshipped Okawaru.
Okawaru was greatly pleased with you.
You visited 8 branches of the dungeon, and saw 40 of its levels.
You also visited: Gauntlet.

You collected 5724 gold pieces.
You spent 5662 gold pieces at shops.


Innate Abilities, Weirdness & Mutations

You are immune to sickness and miasma.
Your stone body is resilient. (AC +16)
You are immune to poison.
Your large and strong wings let you fly.
You resist negative energy. (rN+)
You are resistant to electric shocks. (rElec)
You are resistant to unholy torment.
You are immune to petrification.


   Skills:
 - Level 24.0(27) Fighting
 - Level 20.0(25.0) Ranged Weapons
 - Level 19.0(24.0) Armour
 + Level 17.8(22.8) Dodging
 - Level 1.1(6.1) Stealth
 - Level 10.0 Invocations


You had 21 spell levels left.
You didn't know any spells.
Your spell library was empty.

Inventory:

Hand Weapons
 b - the +8 longbow "Zephyr" (weapon) {speed, Dex+3 SInv}
   (You acquired it on level 2 of the Dungeon)

   Dex:       It affects your dexterity (+3).
   SInv:      It lets you see invisible.
 s - the +7 longbow "Joetul" {freeze, rF- rC++ Will+}
   (You found it on level 2 of the Vaults)

   rF:        It makes you vulnerable to fire.
   rC:        It greatly protects you from cold.
   Will:      It increases your willpower.
 A - a +4 triple crossbow of freezing
Armour
 a - the +2 pair of boots "Udie" (worn) {rC+ Will+ Int+4 Slay+2}
   (You acquired it on level 1 of the Dungeon)

   Int:       It affects your intelligence (+4).
   Slay:      It affects your accuracy & damage with ranged weapons and melee
   (+2).
   rC:        It protects you from cold.
   Will:      It increases your willpower.
 d - the scarf "Fafel" {repulsion, +Blink rF- rC++}
   (Okawaru gifted it to you on level 5 of the Lair of Beasts)

   rF:        It makes you vulnerable to fire.
   rC:        It greatly protects you from cold.
   +Blink:    It lets you blink.
 g - the +3 ring mail "Uxkeh" {rPois rF+ SInv}
   (You found it on level 2 of the Dungeon)

   rF:        It protects you from fire.
   rPois:     It protects you from poison.
   SInv:      It lets you see invisible.
 j - the +1 cloak "Tudi Sov" (worn) {rN+}
   (You found it in a Gauntlet)

   rN:        It protects you from negative energy.
 l - a scarf of resistance
 p - a +2 helmet
 v - the +0 pair of boots of the Imp {rF+}
   (You acquired it on level 4 of the Lair of Beasts)

   rF:        It protects you from fire.
 y - +0 acid dragon scales
 H - the +0 pair of gloves "Gaymeuni" {*Slow rElec rC+++ Int-2}
   (Okawaru gifted it to you on level 2 of the Orcish Mines)

   Int:       It affects your intelligence (-2).
   rC:        It renders you almost immune to cold.
   rElec:     It insulates you from electricity.
   *Slow:     It may slow you when you take damage.
 J - the +1 pair of gloves of the Telling Gods (worn) {rPois rF+ rC+ rCorr}
   (Okawaru gifted it to you on level 2 of the Spider Nest)

   rF:        It protects you from fire.
   rC:        It protects you from cold.
   rPois:     It protects you from poison.
   rCorr:     It protects you from acid and corrosion.
 P - the +2 pair of gloves "Aleorgh" {SInv}
   (Okawaru gifted it to you on level 4 of the Vaults)

   SInv:      It lets you see invisible.
 S - a +2 hat of willpower (worn)
 U - the +0 troll leather armour "Nudof" (worn) {Contam Rampage Fly Regen+ Dex+6}
   (Okawaru gifted it to you on level 4 of the Depths)

   Dex:       It affects your dexterity (+6).
   Fly:       It grants you flight.
   Contam:    It causes magical contamination when unequipped.
   Regen:     It increases your rate of health regeneration.
   Rampage:   It bestows one free step when moving towards enemies.
Jewellery
 c - the ring "Riatsiag" {Fire Will+ Int+2 Slay+2}
   (You took it off a minotaur in a Gauntlet)

   [ring of fire]

   It enhances your fire magic.
   Int:       It affects your intelligence (+2).
   Slay:      It affects your accuracy & damage with ranged weapons and melee
   (+2).
   rF:        It protects you from fire.
   rC:        It makes you vulnerable to cold.
   Will:      It increases your willpower.
 i - the amulet "Tuiwn" {Spirit Dex+3}
   (You found it on level 1 of the Depths)

   [amulet of guardian spirit]

   It causes incoming damage to be divided between your reserves of health and
   magic.
   Dex:       It affects your dexterity (+3).
 k - a ring of protection from fire
 n - a ring of ice
 w - a ring of resist corrosion
 C - the amulet of Buod (around neck) {Faith SInv}
   (You took it off a deep elf zephyrmancer on level 14 of the Dungeon)

   [amulet of faith]

   It allows you to gain divine favour quickly.
   SInv:      It lets you see invisible.
 D - a +5 ring of evasion (right hand)
 E - an amulet of reflection
 I - a +6 ring of dexterity (left hand)
 L - the ring of the Gloaming {rF+ rC+ MP+9 Dex-5 Stlth+}
   (You found it on level 3 of the Spider Nest)

   [ring of magical power]

   Dex:       It affects your dexterity (-5).
   rF:        It protects you from fire.
   rC:        It protects you from cold.
   MP:        It affects your magic capacity (+9).
   Stlth:     It makes you more stealthy.
 O - a ring of resist corrosion
Wands
 r - a wand of digging (10)
Scrolls
 f - 16 scrolls of identify
 m - 14 scrolls of teleportation
 q - 4 scrolls of enchant weapon
 R - 2 scrolls of brand weapon
Potions
 e - 25 potions of curing
 h - 5 potions of lignification
 o - 6 potions of cancellation
 t - a potion of resistance
 u - 9 potions of might
 x - 5 potions of haste
 B - 4 potions of mutation
 F - a potion of magic
 G - 4 potions of attraction
 N - 8 potions of heal wounds

Dungeon Overview and Level Annotations

Branches:
Dungeon (15/15)            Temple (1/1) D:4            Lair (5/5) D:9
  Swamp (4/4) Lair:2       Spider (4/4) Lair:3        Slime (0/5) Lair:4
    Orc (2/2) D:12            Elf (0/3) Orc:2        Vaults (5/5) D:13
  Crypt (0/3) Vaults:3     Depths (4/4) D:15            Zot (0/5) Depths:4
Gauntlet (visited)

Altars:
Ashenzari
Cheibriados
Dithmenos
Elyvilon
Fedhas
Gozag
Hepliaklqana
Kikubaaqudgha
Makhleb
Nemelex Xobeh
Okawaru
Qazlal
Ru
Sif Muna
Trog
Uskayaw
Vehumet
Wu Jian
Xom
Yredelemnul
Zin
The Shining One
Jiyva

Shops:
D:2 (   D:11 [=[:*   Orc:2 *[:*(   Vaults:1 (   Vaults:2 !   Vaults:3 !
Vaults:4 (   Depths:4 *(![

Portals:
Hell: Depths:1 Depths:2 Depths:3 Depths:4
Abyss: Depths:2 Depths:3 Depths:4
Pandemonium: Depths:2
Ziggurat: Depths:1

Annotations:
Lair:5 1 runed translucent door, qw's ghost, journeyman GrFi
Vaults:1 36 runed doors
Depths:1 exclusions: daeva and 3 very ugly things


Message History

The phantasmal warrior blinks!
The titan hits you.
An ancient lich comes into view.
The fire giant hits you but does no damage.
The phantasmal warrior gestures at you.
The phantasmal warrior blinks!
The cyan very ugly thing pecks you but does no damage.
The lich points at you and mumbles some strange words.
You resist with significant effort.
The dread lich touches you but does no damage.
The lich touches you but does no damage.
The fire giant hits you but does no damage.
The phantasmal warrior hits you but does no damage.
The vault guard hits you but does no damage.
The titan hits you but does no damage. x2
The fire giant hits you but does no damage.
The phantasmal warrior gestures at you.
The phantasmal warrior blinks!
The cyan very ugly thing pecks you. The cyan very ugly thing shocks you!
You resist.
The dread lich touches you but does no damage.
The lich touches you but does no damage.
The dread lich touches you but does no damage.
The fire giant hits you with a +2 great sword of flaming!!
The vault guard hits you but does no damage.
The phantasmal warrior gestures at you.
The phantasmal warrior blinks!
The phantasmal warrior hits you but does no damage.
The titan hits you! The phantasmal warrior gestures at you.
The phantasmal warrior blinks!
The titan hits you but does no damage.
The fire giant hits you but does no damage.
The phantasmal warrior gestures at you.
The phantasmal warrior blinks!
The cyan very ugly thing pecks you but does no damage.
The lich touches you.
The dread lich touches you but does no damage.
The lich touches you.
The phantasmal warrior hits you but does no damage.
The vault guard hits you but does no damage.
The fire giant hits you with a +2 great sword of flaming.
You die...

.....#....#
....#....# .
...#....# ..
.c#....#L..
#W...W.X...
#####..2p)...##
......CLu<.....
....WcL@Wp<....
......CCC<.....
....W..eC......
#####W.p......#
...........
.#.#.......#
....#....#.##
##.#.#....#.#


You could see a tentacled monstrosity (sheltered), an ironbound preserver, 2
titans, an ancient lich (sheltered), a dread lich (fast, invisible), a cyan very
ugly thing (sheltered), 2 fire giants, a stone giant (sheltered), a lich (fast,
invisible, sheltered), 2 yaktaur captains, 2 vault guards, a deep elf sorcerer
(fast, sheltered), 6 phantasmal warriors and a hellion (summoned).

Vanquished Creatures
  A juggernaut (Depths:4)
  Bai Suzhen (Swamp:4)
  Vv (Depths:4)
  Frederick (Vaults:4)
  4 golden dragons
  2 tentacled monstrosities
  Jorgrun (Spider:2)
  Asterion (Depths:1)
  2 titans
  Frances (Swamp:1)
  4 sphinxes
  2 shadow dragons (Depths:4)
  A thorn hunter (Swamp:3)
  2 fenstrider witches
  5 fire giants
  9 frost giants
  3 ghost moths (Spider:4)
  15 vault wardens
  Aizul (Spider:2)
  A draconian knight (Depths:4)
  A draconian stormcaller (Depths:4)
  10 emperor scorpions
  An iron dragon (Vaults:5)
  A ghoul (Swamp:4)
  18 ironbound preservers
  2 orc warlords
  5 very ugly things
  4 spriggan defenders
  5 formless jellyfish
  10 stone giants
  5 ironbound thunderhulks
  A war gargoyle (D:14)
  A quicksilver ooze (Gauntlet)
  5 vampire knights
  A black draconian (Depths:4)
  A broodmother (Spider:3)
  A red draconian (Depths:4)
  A yellow draconian (Depths:4)
  A minotaur (Gauntlet)
  4 eleionomae
  15 dire elephants
  5 bunyips
  A purple draconian (Depths:4)
  An eidolon (Vaults:3)
  5 spark wasps
  Josephine (Lair:3)
  A deep elf death mage (Vaults:1)
  2 shambling mangroves (Swamp:2)
  7 yaktaur captains
  5 ettins
  Harold (D:9)
  7 fire dragons
  6 entropy weavers
  2 great orbs of eyes
  35 vault guards
  21 hydras
  6 spriggan air magi
  3 rakshasas
  Erolcha (D:12)
  7 ice dragons
  2 catoblepae
  10 ironbound frosthearts
  2 peacekeepers (Vaults:4)
  6 alligators
  A death knight (D:14)
  4 radroaches
  3 two-headed ogres
  14 centaur warriors
  3 ghost crabs
  10 boulder beetles
  2 deep troll shamans
  3 orc high priests (Orc:2)
  10 deep troll earth magi
  13 death yaks
  7 tengu warriors
  A spectral dire elephant (Lair:5)
  5 demonic crawlers
  Urug (Lair:1)
  A vampire mage (Depths:2)
  8 spriggan berserkers
  10 hell knights (Depths:2)
  A fire crab (Lair:5)
  6 iron trolls
  A sun moth (Spider:2)
  Nergalle (D:12)
  A skyshark (Lair:5)
  5 goliath frogs
  A spectral anaconda (Lair:5)
  2 skeletal warriors (D:14)
  2 spriggan druids
  6 pharaoh ants
  4 orb spiders
  Lodul (D:12)
  40 deep trolls
  An obsidian statue (Lair:5)
  A flayed ghost (Depths:1)
  7 wizards
  5 bog bodies
  11 phantasmal warriors
  11 swamp dragons
  2 glowing orange brains (Depths:1)
  11 lindwurms
  3 harpies (Vaults:4)
  4 steelbarb worms
  15 ironbound convokers
  5 orc knights
  17 wolf spiders
  Pikel (D:6)
  4 deep elf pyromancers
  A deep elf zephyrmancer (D:14)
  10 necromancers
  3 oklob plants
  A manticore (D:15)
  3 will-o-the-wisps
  28 ugly things
  24 elephants
  5 orc sorcerers
  2 moths of wrath
  8 cyclopes
  Joseph (D:10)
  6 torpor snails
  A naga mage (D:15)
  A centaur zombie (D:15)
  13 vault sentinels
  8 black mambas
  A dire elephant skeleton (Lair:5)
  8 cane toads
  A centaur skeleton (D:15)
  31 yaktaurs
  Maggie (D:8)
  13 komodo dragons
  A komodo dragon (shapeshifter) (D:14)
  2 kobold demonologists
  A rime drake (Lair:2)
  3 efreet
  5 tengu conjurers
  A yaktaur skeleton (Vaults:2)
  A freezing wraith (D:14)
  A queen bee (D:14)
  An elf (Vaults:2)
  8 trolls
  A polar bear (shapeshifter) (D:14)
  2 bloated husks
  7 meliai
  8 tyrant leeches
  34 tarantellas
  14 hornets
  2 polar bears
  Grinder (D:3)
  A blink frog (shapeshifter) (D:15)
  13 dream sheep
  28 blink frogs
  26 slime creatures
  26 culicivoras
  Sigmund (D:5)
  2 centaur simulacra
  6 water elementals
  A ynoxinul (Gauntlet)
  2 shadows
  7 wraiths
  A slime creature (shapeshifter) (Depths:4)
  11 spriggans
  33 jumping spiders
  A vampire (D:10)
  4 wyverns
  17 humans
  62 yaks
  A hog (shapeshifter) (D:14)
  5 basilisks
  58 redbacks
  3 steam dragons
  9 vampire mosquitoes
  A death yak simulacrum (Lair:5)
  6 wargs
  2 spectral cane toads (Lair:5)
  9 swamp worms
  An acid dragon (D:12)
  17 water moccasins
  9 swamp drakes (Swamp:4)
  A deep troll simulacrum (Vaults:2)
  31 orc warriors
  2 ice beasts
  3 meliai simulacra
  A sky beast (D:8)
  7 ogres
  2 elephant skeletons (Lair:5)
  26 wolves
  A human skeleton (Vaults:2)
  3 lemures (D:6)
  8 centaurs
  2 phantoms (D:6)
  8 kobold brigands
  12 bullfrogs
  4 scorpions
  2 cane toad simulacra (Lair:5)
  6 wights
  43 killer bees
  4 howler monkeys
  7 electric eels
  4 hounds
  A human simulacrum (Vaults:2)
  2 jellies
  A wyvern simulacrum (Gauntlet)
  2 gnoll boudas
  2 iguanas
  12 orc priests
  4 iron imps (Gauntlet)
  2 sleepcaps
  21 orc wizards
  6 hell rats (Lair:3)
  Terence (D:2)
  12 gnolls
  6 adders
  A white imp (D:5)
  3 ufetubi
  A worm (D:2)
  4 dart slugs
  70 orcs
  5 ball pythons
  9 endoplasms
  2 giant cockroaches (D:4)
  13 goblins
  6 hobgoblins
  9 jackals
  30 kobolds
  2 quokkas
  4 bats
  3 frilled lizards
  6 rats
1596 creatures vanquished.

Vanquished Creatures (others)
  3 hydras (Swamp:4)
  An alligator (Swamp:4)
  A goliath frog (Swamp:4)
  A spriggan druid (Swamp:4)
  A swamp dragon (Swamp:4)
  2 bloated husks
  A vampire mosquito (Swamp:4)
  A swamp drake (Swamp:4)
  2 foxfires (Swamp:4)
13 creatures vanquished.

Grand Total: 1609 creatures vanquished

Notes
Turn   | Place    | Note
-------+----------+-------------------------------------------
     0 | D:1      | qw the Gargoyle Hunter began the quest for the Orb.
     0 | D:1      | Reached XP level 1. HP: 12/12 MP: 1/1
     0 | D:1      | 0 ||| qw: Version: 0.2-a-29-g511e9b1
     0 | D:1      | 0 ||| qw: Game counter: 5904
     0 | D:1      | 0 ||| qw: Always use a shield: true
     0 | D:1      | 0 ||| qw: God list: Okawaru
     0 | D:1      | 0 ||| qw: Allow faded altars: false
     0 | D:1      | 0 ||| qw: Do Orc after D:15 true
     0 | D:1      | 0 ||| qw: Do second Lair branch before Depths: true
     0 | D:1      | 0 ||| qw: Lair rune preference: random
     0 | D:1      | 0 ||| qw: Plans: Normal, Zot:1-4, Slime:5, God:TSO, Crypt,
                  | Tomb, Abyss, Pan, Hells, Win
     0 | D:1      | 0 ||| PLANNING D:1-11
    99 | D:1      | Reached XP level 2. HP: 12/17 MP: 2/2
   458 | D:1      | 458 ||| DROPPING ring of wizardry.
   459 | D:1      | 459 ||| READING scroll labelled JAATAANUAJ.
   459 | D:1      | Identified a scroll of acquirement
   459 | D:1      | 459 ||| ACQUIRING +2 pair of boots "Udie" {rC+ Will+ Int+4
                  | Slay+2}
   459 | D:1      | Acquired the +2 pair of boots "Udie" {rC+ Will+ Int+4
                  | Slay+2}
   461 | D:1      | 461 ||| UPGRADING to +2 pair of boots "Udie" {rC+ Will+
                  | Int+4 Slay+2}.
   466 | D:1      | 466 ||| DROPPING scroll of butterflies.
   655 | D:2      | Found a faded altar of an unknown god.
   669 | D:2      | Reached XP level 3. HP: 21/21 MP: 3/3
   723 | D:2      | 723 ||| READING scroll of acquirement.
   723 | D:2      | 723 ||| ACQUIRING +8 longbow "Zephyr" {speed, Dex+3 SInv}
   723 | D:2      | Acquired the +8 longbow "Zephyr" {speed, Dex+3 SInv}
   723 | D:2      | Found the +8 longbow "Zephyr" {speed, Dex+3 SInv}
   725 | D:2      | 725 ||| UPGRADING to +8 longbow "Zephyr" {speed, Dex+3
                  | SInv}.
   737 | D:2      | Identified the +3 ring mail "Uxkeh" {rPois rF+ SInv}
   912 | D:2      | Noticed a scorpion
   917 | D:2      | Killed a scorpion
   918 | D:2      | Reached skill level 4 in Fighting
   918 | D:2      | Reached XP level 4. HP: 29/29 MP: 4/4
   923 | D:2      | Found Laucotz's Antique Weapon Shop.
   999 | D:2      | Noticed Terence
  1001 | D:2      | Killed Terence
  1002 | D:2      | Reached XP level 5. HP: 33/33 MP: 5/5
  1252 | D:2      | 1252 ||| UPGRADING to +3 ring mail "Uxkeh" {rPois rF+
                  | SInv}.
  1262 | D:2      | 1262 ||| DROPPING +0 leather armour.
  1263 | D:2      | 1263 ||| UPGRADING to +0 pair of gloves.
  1268 | D:2      | 1268 ||| READING 2 scrolls labelled ERRYTI PEOBRO.
  1269 | D:2      | 1269 ||| READING scroll labelled AFOMPO DARCH.
  1270 | D:2      | 1270 ||| READING scroll labelled ROEWIE PUTZISK.
  1402 | D:3      | Noticed Grinder
  1403 | D:3      | Paralysed by Grinder for 4 turns
  1408 | D:3      | Killed Grinder
  1409 | D:3      | Reached XP level 6. HP: 32/38 MP: 6/6
  1578 | D:3      | 1578 ||| Stepping ~*~*~tactically~*~*~ (outnumbered).
  1707 | D:3      | Reached skill level 6 in Ranged Weapons
  1715 | D:3      | Reached XP level 7. HP: 43/43 MP: 7/7
  1937 | D:3      | 1937 ||| READING scroll labelled POLUDD BURER.
  1941 | D:3      | 1941 ||| READING 2 scrolls of identify.
  1941 | D:3      | 1941 ||| IDENTIFYING glowing brown potion
  2130 | D:4      | 2130 ||| DROPPING +0 shortbow.
  2210 | D:4      | 2210 ||| UPGRADING to +0 cloak.
  2376 | D:4      | Found a staircase to the Ecumenical Temple.
  2377 | D:4      | 2377 ||| PLANNING TEMPLE
  2377 | D:4      | 2377 ||| UPGRADING to amulet of guardian spirit.
  2382 | D:4      | 2382 ||| UPGRADING to ring of positive energy.
  2390 | Temple   | Entered the Ecumenical Temple
  2625 | Temple   | 2625 ||| PLANNING OKAWARU WORSHIP
  2932 | Temple   | Became a worshipper of Warmaster Okawaru
  2933 | Temple   | 2933 ||| PLANNING D:1-11
  2933 | Temple   | 2933 ||| REMOVING amulet of guardian spirit.
  3320 | D:5      | Entered Level 5 of the Dungeon
  3400 | D:5      | Reached XP level 8. HP: 48/48 MP: 8/8
  3446 | D:5      | Noticed Sigmund
  3448 | D:5      | Killed Sigmund
  3487 | D:5      | Reached skill level 5 in Fighting
  3504 | D:5      | Reached * piety under Okawaru
  3586 | D:5      | Reached skill level 1 in Invocations
  3699 | D:5      | Reached skill level 9 in Ranged Weapons
  3756 | D:5      | Reached skill level 3 in Invocations
  3880 | D:5      | 3880 ||| DROPPING amulet of guardian spirit.
  3881 | D:5      | 3881 ||| UPGRADING to amulet of regeneration.
  3886 | D:5      | 3886 ||| READING 2 scrolls labelled SETELO OMYNU.
  3887 | D:5      | 3887 ||| READING scroll labelled VIXKOQ EPERCH.
  3888 | D:5      | 3888 ||| READING scroll labelled WIEWIFE WINLE.
  3889 | D:5      | 3889 ||| DRINKING 2 silvery potions.
  3890 | D:5      | 3890 ||| DROPPING potion of degeneration.
  4021 | D:6      | 4021 ||| INVOKING Heroism.
  4049 | D:6      | 4049 ||| INVOKING Heroism.
  4055 | D:6      | Reached XP level 9. HP: 30/55 MP: 8/11
  4063 | D:6      | Reached skill level 6 in Fighting
  4071 | D:6      | 4071 ||| FLEEEEING.
  4072 | D:6      | 4072 ||| FLEEEEING.
  4087 | D:6      | Found an ornate altar of the Wu Jian Council.
  4126 | D:6      | Noticed Pikel
  4126 | D:6      | 4126 ||| INVOKING Heroism.
  4142 | D:6      | Killed Pikel
  4142 | D:6      | Reached ** piety under Okawaru
  4226 | D:6      | Identified the orb of Zonannoo {mayhem, +Blink Fly Str+7
                  | Stlth+}
  4227 | D:6      | 4227 ||| INVOKING Heroism.
  4299 | D:6      | Reached skill level 3 in Dodging
  4723 | D:6      | 4723 ||| UPGRADING to ring of willpower.
  4724 | D:6      | 4724 ||| DRINKING 3 dark potions.
  4725 | D:6      | 4725 ||| READING 2 scrolls of identify.
  4725 | D:6      | 4725 ||| IDENTIFYING murky yellow potion
  4726 | D:6      | 4726 ||| DROPPING potion of invisibility.
  4790 | D:7      | Reached skill level 7 in Fighting
  4995 | D:7      | Reached *** piety under Okawaru
  5032 | D:7      | 5032 ||| Stepping ~*~*~tactically~*~*~ (outnumbered).
  5036 | D:7      | 5036 ||| Stepping ~*~*~tactically~*~*~ (outnumbered).
  5098 | D:7      | Reached XP level 10. HP: 63/63 MP: 13/13
  5102 | D:7      | 5102 ||| INVOKING Heroism.
  5150 | D:7      | Found Weix's Assorted Antiques.
  5286 | D:7      | 5286 ||| UPGRADING to ring of resist corrosion.
  5288 | D:7      | 5288 ||| READING scroll labelled QUYNGO HYJUS.
  5289 | D:7      | 5289 ||| READING scroll labelled SUAN UPSOV BIDGH.
  5346 | D:8      | Noticed Maggie
  5352 | D:8      | Killed Maggie
  5353 | D:8      | Reached skill level 8 in Fighting
  5396 | D:8      | 5396 ||| INVOKING Heroism.
  5786 | D:8      | 5786 ||| FLEEEEING.
  5787 | D:8      | 5787 ||| FLEEEEING.
  5788 | D:8      | 5788 ||| FLEEEEING.
  5789 | D:8      | 5789 ||| FLEEEEING.
  5790 | D:8      | 5790 ||| FLEEEEING.
  5791 | D:8      | 5791 ||| FLEEEEING.
  5792 | D:8      | 5792 ||| FLEEEEING.
  5793 | D:8      | 5793 ||| FLEEEEING.
  6054 | D:8      | 6054 ||| UPGRADING to +2 helmet.
  6059 | D:8      | 6059 ||| DROPPING scarf of harm.
  6060 | D:8      | 6060 ||| UPGRADING to +6 ring of strength.
  6062 | D:8      | 6062 ||| READING scroll labelled OHISOM BE ZERGH.
  6129 | D:9      | 6129 ||| INVOKING Heroism.
  6135 | D:9      | Noticed Harold
  6142 | D:9      | Killed Harold
  6143 | D:9      | Reached skill level 12 in Ranged Weapons
  6244 | D:9      | 6244 ||| INVOKING Heroism.
  6278 | D:9      | 6278 ||| INVOKING Heroism.
  6356 | D:9      | Noticed a two-headed ogre
  6357 | D:9      | 6357 ||| INVOKING Heroism.
  6361 | D:9      | Killed a two-headed ogre
  6361 | D:9      | Reached **** piety under Okawaru
  6362 | D:9      | Reached skill level 6 in Armour
  6397 | D:9      | Received a gift from Okawaru
  6403 | D:9      | Reached XP level 11. HP: 68/68 MP: 14/14
  6450 | D:9      | Found a staircase to the Lair.
  6472 | D:9      | 6472 ||| INVOKING Heroism.
  6537 | D:9      | Reached skill level 6 in Invocations
  6552 | D:9      | 6552 ||| INVOKING Heroism.
  6865 | D:9      | Reached skill level 9 in Fighting
  6931 | D:9      | 6931 ||| Stepping ~*~*~tactically~*~*~ (outnumbered).
  6955 | D:9      | 6955 ||| INVOKING Heroism.
  7122 | D:9      | 7122 ||| INVOKING Heroism.
  7272 | D:9      | 7272 ||| PLANNING LAIR
  7272 | D:9      | 7272 ||| DROPPING +0 ring mail of willpower.
  7273 | D:9      | 7273 ||| READING scroll labelled WIUCOV KUUFAUMM.
  7274 | D:9      | 7274 ||| READING 4 scrolls of identify.
  7274 | D:9      | 7274 ||| IDENTIFYING ruby potion
  7320 | Lair:1   | Entered Level 1 of the Lair of Beasts
  7326 | Lair:1   | 7326 ||| INVOKING Heroism.
  7326 | Lair:1   | Noticed a four-headed hydra
  7354 | Lair:1   | Killed a four-headed hydra
  7354 | Lair:1   | Reached ***** piety under Okawaru
  7415 | Lair:1   | 7415 ||| INVOKING Heroism.
  7457 | Lair:1   | 7457 ||| INVOKING Heroism.
  7459 | Lair:1   | Received a gift from Okawaru
  7467 | Lair:1   | Reached XP level 12. HP: 76/76 MP: 15/18
  7480 | Lair:1   | Reached skill level 9 in Invocations
  7552 | Lair:1   | Noticed Urug
  7553 | Lair:1   | 7553 ||| INVOKING Heroism.
  7554 | Lair:1   | 7554 ||| INVOKING Finesse.
  7564 | Lair:1   | Killed Urug
  7714 | Lair:1   | 7714 ||| INVOKING Heroism.
  7821 | Lair:1   | 7821 ||| INVOKING Heroism.
  8043 | Lair:1   | 8043 ||| UPGRADING to scarf of repulsion.
  8107 | Lair:2   | Noticed a death yak
  8107 | Lair:2   | Noticed a death yak
  8108 | Lair:2   | 8108 ||| INVOKING Heroism.
  8108 | Lair:2   | Noticed a death yak
  8109 | Lair:2   | 8109 ||| INVOKING Finesse.
  8117 | Lair:2   | Killed a death yak
  8122 | Lair:2   | Killed a death yak
  8123 | Lair:2   | Reached skill level 10 in Fighting
  8133 | Lair:2   | Killed a death yak
  8186 | Lair:2   | Found a staircase to the Swamp.
  8193 | Lair:2   | Noticed a five-headed hydra
  8194 | Lair:2   | 8194 ||| INVOKING Heroism.
  8199 | Lair:2   | Killed a five-headed hydra
  8271 | Lair:2   | 8271 ||| FLEEEEING.
  8273 | Lair:2   | 8273 ||| FLEEEEING.
  8275 | Lair:2   | 8275 ||| FLEEEEING.
  8278 | Lair:2   | 8278 ||| INVOKING Heroism.
  8284 | Lair:2   | Reached skill level 15 in Ranged Weapons
  8396 | Lair:2   | Reached XP level 13. HP: 82/82 MP: 20/20
  8424 | Lair:2   | Received a gift from Okawaru
  8782 | Lair:2   | 8782 ||| READING scroll labelled HUMIPR LACAREC.
  8783 | Lair:2   | 8783 ||| DRINKING 2 black potions.
  8843 | Lair:3   | 8843 ||| INVOKING Heroism.
  8930 | Lair:3   | Reached skill level 11 in Fighting
  8935 | Lair:3   | 8935 ||| INVOKING Heroism.
  8936 | Lair:3   | 8936 ||| INVOKING Finesse.
  9080 | Lair:3   | 9080 ||| INVOKING Heroism.
  9187 | Lair:3   | 9187 ||| READING scroll of enchant armour.
  9187 | Lair:3   | 9187 ||| ENCHANTING +0 pair of gloves.
  9285 | Lair:3   | Noticed Josephine
  9371 | Lair:3   | Killed Josephine
  9372 | Lair:3   | Reached skill level 6 in Dodging
  9540 | Lair:3   | Found a hole to the Spider Nest.
  9607 | Lair:3   | Received a gift from Okawaru
  9773 | Lair:3   | 9773 ||| DROPPING +1 pair of gloves of hurling.
  9786 | Lair:4   | 9786 ||| INVOKING Heroism.
  9813 | Lair:4   | Found a viscous altar of Jiyva.
  9813 | Lair:4   | Found a staircase to the Slime Pits.
  9825 | Lair:4   | 9825 ||| INVOKING Heroism.
  9826 | Lair:4   | 9826 ||| INVOKING Finesse.
  9988 | Lair:4   | 9988 ||| READING scroll of acquirement.
  9988 | Lair:4   | 9988 ||| ACQUIRING +0 pair of boots of the Imp {rF+}
  9988 | Lair:4   | Acquired the +0 pair of boots of the Imp {rF+}
 10069 | Lair:4   | 10069 ||| Stepping ~*~*~tactically~*~*~ (water).
 10070 | Lair:4   | 10070 ||| Stepping ~*~*~tactically~*~*~ (outnumbered).
 10094 | Lair:4   | 10094 ||| INVOKING Heroism.
 10149 | Lair:4   | Gained mutation: Your large and strong wings let you fly.
                  | [Gargoyle growth]
 10149 | Lair:4   | Reached XP level 14. HP: 90/90 MP: 21/21
 10259 | Lair:4   | Reached skill level 18 in Ranged Weapons
 10568 | Lair:4   | 10568 ||| DROPPING +1 robe of positive energy.
 10569 | Lair:4   | 10569 ||| UPGRADING to ring of protection from fire.
 10609 | Lair:5   | Entered Level 5 of the Lair of Beasts
 10610 | Lair:5   | 10610 ||| INVOKING Heroism.
 10611 | Lair:5   | 10611 ||| INVOKING Finesse.
 10649 | Lair:5   | Reached skill level 12 in Fighting
 10687 | Lair:5   | 10687 ||| INVOKING Heroism.
 10694 | Lair:5   | Identified the scarf "Fafel" {repulsion, +Blink rF- rC++}
                  | (Okawaru gifted it to you on level 5 of the Lair of Beasts)
 10694 | Lair:5   | Received a gift from Okawaru
 10893 | Lair:5   | Found a runed translucent door.
 10893 | Lair:5   | Found a shimmering altar of Xom.
 10893 | Lair:5   | Noticed qw's ghost (journeyman GrFi)
 10893 | Lair:5   | Identified the +1 great sword "Xuuwor" {chaos, rPois rF+
                  | Int+5}
 10906 | Lair:5   | 10906 ||| INVOKING Heroism.
 10907 | Lair:5   | 10907 ||| INVOKING Finesse.
 11025 | Lair:5   | 11025 ||| READING scroll of enchant armour.
 11025 | Lair:5   | 11025 ||| ENCHANTING +1 pair of gloves.
 11076 | Lair:5   | 11076 ||| INVOKING Heroism.
 11077 | Lair:5   | 11077 ||| INVOKING Finesse.
 11131 | Lair:5   | Reached skill level 13 in Fighting
 11196 | Lair:5   | Noticed a dire elephant
 11196 | Lair:5   | Noticed a dire elephant
 11204 | Lair:5   | Noticed a dire elephant
 11205 | Lair:5   | 11205 ||| INVOKING Heroism.
 11211 | Lair:5   | Killed a dire elephant
 11254 | Lair:5   | 11254 ||| INVOKING Finesse.
 11255 | Lair:5   | 11255 ||| INVOKING Heroism.
 11328 | Lair:5   | Reached XP level 15. HP: 88/98 MP: 22/22
 11328 | Lair:5   | 11328 ||| FLEEEEING.
 11369 | Lair:5   | 11369 ||| INVOKING Heroism.
 11370 | Lair:5   | 11370 ||| UPGRADING to scarf "Fafel" {repulsion, +Blink rF-
                  | rC++}.
 11383 | Lair:5   | 11383 ||| DROPPING +1 helmet.
 11426 | Lair:5   | 11426 ||| INVOKING Heroism.
 12102 | Lair:5   | 12102 ||| READING 7 scrolls of identify.
 12102 | Lair:5   | 12102 ||| IDENTIFYING emerald potion
 12103 | Lair:5   | 12103 ||| PLANNING D:1-11
 12103 | Lair:5   | 12103 ||| DROPPING potion of brilliance.
 12215 | D:10     | Entered Level 10 of the Dungeon
 12384 | D:10     | Identified the +3 short sword of Annihilation {protect,
                  | Str+5}
 12406 | D:10     | Noticed Joseph
 12439 | D:10     | Killed Joseph
 12763 | D:10     | 12763 ||| READING 6 scrolls of identify.
 12763 | D:10     | 12763 ||| IDENTIFYING sapphire potion
 12769 | D:11     | 12769 ||| PLANNING GAUNTLET
 12976 | D:11     | Found Heuhaalu's Assorted Antiques.
 12976 | D:11     | Found Qurelushoo's Book Boutique.
 12981 | D:11     | Found Femosch's Jewellery Shoppe.
 12989 | D:11     | 12989 ||| BUYING +6 ring of strength (648 gold).
 12989 | D:11     | Bought a +6 ring of strength for 648 gold pieces
 12991 | D:11     | Found a gate leading to a gauntlet.
 12992 | D:11     | 12992 ||| DROPPING ring of positive energy.
 12998 | Gauntlet | Entered a Gauntlet
 12998 | Gauntlet | Found a transporter.
 12998 | Gauntlet | Found a transporter.
 13002 | Gauntlet | Found a transporter.
 13002 | Gauntlet | Found a transporter.
 13002 | Gauntlet | Found a transporter.
 13002 | Gauntlet | Found a transporter.
 13012 | Gauntlet | Found a transporter.
 13016 | Gauntlet | Found a transporter.
 13028 | Gauntlet | Found a transporter.
 13133 | Gauntlet | Found a transporter.
 13134 | Gauntlet | Found a transporter.
 13143 | Gauntlet | Found a transporter.
 13253 | Gauntlet | 13253 ||| INVOKING Heroism.
 13271 | Gauntlet | Identified the +1 cloak "Tudi Sov" {rN+}
 13273 | Gauntlet | 13273 ||| DROPPING +0 cloak.
 13274 | Gauntlet | 13274 ||| DROPPING scarf of repulsion.
 13284 | Gauntlet | Identified the +1 plate armour "Ipaint" {Harm +Blink}
 13284 | Gauntlet | Identified the ring "Riatsiag" {Fire Will+ Int+2 Slay+2}
 13303 | Gauntlet | Identified the +3 kite shield of Zealous Leaves {rC+ Regen+
                  | Dex+3}
 13314 | Gauntlet | 13314 ||| UPGRADING to quicksilver dragon scales.
 13324 | Gauntlet | 13324 ||| UPGRADING to ring "Riatsiag" {Fire Will+ Int+2
                  | Slay+2}.
 13326 | Gauntlet | 13326 ||| REMOVING ring of willpower.
 13327 | Gauntlet | 13327 ||| UPGRADING to ring of resist corrosion.
 13328 | Gauntlet | 13328 ||| UPGRADING to +6 ring of strength.
 13330 | Gauntlet | 13330 ||| UPGRADING to ring of protection from fire.
 13332 | Gauntlet | 13332 ||| DROPPING ring of fire.
 13347 | D:11     | 13347 ||| PLANNING D:1-11
 13379 | D:11     | 13379 ||| BUYING potion of curing (84 gold).
 13379 | D:11     | Bought a potion of curing for 84 gold pieces
 13379 | D:11     | 13379 ||| SHOPLISTING scroll of acquirement (1456 gold,
                  | have 508).
 13379 | D:11     | 13379 ||| BUYING scroll of identify (56 gold).
 13379 | D:11     | Bought a scroll of identify for 56 gold pieces
 13651 | D:11     | Found Jejapt's Armour Shop.
 13664 | D:11     | Identified the +0 cloak of Oblivion {Str+4 Slay-2}
 14034 | D:11     | Found Femmaoly's Antique Armour Shoppe.
 14037 | D:11     | 14037 ||| BUYING glowing leather armour (165 gold).
 14037 | D:11     | Bought a glowing leather armour for 165 gold pieces
 14037 | D:11     | 14037 ||| BUYING jasper-encrusted ring mail (297 gold).
 14037 | D:11     | Bought a jasper-encrusted ring mail for 297 gold pieces
 14037 | D:11     | Identified the +5 ring mail of Hedonism {rPois} (You bought
                  | it in a shop on level 11 of the Dungeon)
 14037 | D:11     | 14037 ||| SHOPLISTING shiny helmet (247 gold, have 49).
 14301 | D:11     | 14301 ||| PLANNING D
 14301 | D:11     | 14301 ||| DROPPING +0 cloak of Oblivion {Str+4 Slay-2}.
 14302 | D:11     | 14302 ||| DROPPING +3 leather armour of fire resistance.
 14303 | D:11     | 14303 ||| DROPPING +5 ring mail of Hedonism {rPois}.
 14304 | D:11     | 14304 ||| DROPPING amulet of magic regeneration.
 14407 | D:12     | 14407 ||| Stepping ~*~*~tactically~*~*~ (outnumbered).
 14411 | D:12     | 14411 ||| Stepping ~*~*~tactically~*~*~ (outnumbered).
 14451 | D:12     | Found a staircase to the Orcish Mines.
 14494 | D:12     | Noticed Nergalle
 14497 | D:12     | Killed Nergalle
 14498 | D:12     | Noticed Erolcha
 14505 | D:12     | Killed Erolcha
 14522 | D:12     | Reached skill level 9 in Armour
 14543 | D:12     | Found a glowing golden altar of the Shining One.
 14925 | D:12     | 14925 ||| READING 7 scrolls of identify.
 14925 | D:12     | 14925 ||| IDENTIFYING pink potion
 14943 | D:13     | Noticed Lodul
 14943 | D:13     | Found a gate to the Vaults.
 14944 | D:13     | 14944 ||| INVOKING Heroism.
 14962 | D:13     | Identified the +7 executioner's axe of Goishryu {pain,
                  | rPois Will- Stlth+} (Okawaru gifted it to you on level 13
                  | of the Dungeon)
 14962 | D:13     | Received a gift from Okawaru
 14965 | D:13     | 14965 ||| STAIRDANCE
 14969 | D:12     | 14969 ||| INVOKING Heroism.
 14973 | D:12     | Killed Lodul
 15020 | D:13     | 15020 ||| INVOKING Heroism.
 15053 | D:13     | 15053 ||| DROPPING +0 orcbow.
 15551 | D:13     | 15551 ||| DROPPING +6 ring of strength.
 15552 | D:13     | 15552 ||| UPGRADING to +5 ring of evasion.
 15554 | D:13     | 15554 ||| READING scroll labelled MACOIW BAICLO.
 15639 | D:14     | 15639 ||| READING scroll labelled DOKLAL PIYST.
 15641 | D:14     | 15641 ||| Stepping ~*~*~tactically~*~*~ (outnumbered).
 15643 | D:14     | 15643 ||| Stepping ~*~*~tactically~*~*~ (outnumbered).
 15645 | D:14     | 15645 ||| Stepping ~*~*~tactically~*~*~ (outnumbered).
 15647 | D:14     | 15647 ||| Stepping ~*~*~tactically~*~*~ (outnumbered).
 15649 | D:14     | 15649 ||| Stepping ~*~*~tactically~*~*~ (outnumbered).
 15651 | D:14     | 15651 ||| Stepping ~*~*~tactically~*~*~ (outnumbered).
 15653 | D:14     | 15653 ||| Stepping ~*~*~tactically~*~*~ (outnumbered).
 15656 | D:14     | 15656 ||| Stepping ~*~*~tactically~*~*~ (outnumbered).
 15660 | D:14     | 15660 ||| Stepping ~*~*~tactically~*~*~ (outnumbered).
 15667 | D:14     | 15667 ||| INVOKING Heroism.
 15683 | D:14     | Received a gift from Okawaru
 15726 | D:14     | 15726 ||| DROPPING +0 arbalest.
 15908 | D:14     | Reached XP level 16. HP: 104/104 MP: 23/23
 15910 | D:14     | Identified the +3 great mace "Upowor" {venom, rElec}
 15910 | D:14     | Identified the amulet of Buod {Faith SInv}
 15913 | D:14     | 15913 ||| INVOKING Heroism.
 15918 | D:14     | 15918 ||| Stepping ~*~*~tactically~*~*~ (outnumbered).
 15922 | D:14     | 15922 ||| Stepping ~*~*~tactically~*~*~ (outnumbered).
 16080 | D:14     | Identified the +8 war axe of Muelek {pain, rC+ Int+2}
 16131 | D:14     | 16131 ||| INVOKING Heroism.
 16136 | D:14     | Reached skill level 14 in Fighting
 16210 | D:14     | 16210 ||| Stepping ~*~*~tactically~*~*~ (cloud).
 16214 | D:14     | 16214 ||| INVOKING Heroism.
 16233 | D:14     | 16233 ||| Stepping ~*~*~tactically~*~*~ (outnumbered).
 16287 | D:14     | 16287 ||| INVOKING Heroism.
 16288 | D:14     | 16288 ||| INVOKING Finesse.
 16296 | D:14     | Reached skill level 12 in Armour
 16337 | D:14     | 16337 ||| INVOKING Heroism.
 16628 | D:14     | 16628 ||| UPGRADING to amulet of Buod {Faith SInv}.
 16638 | D:14     | 16638 ||| DROPPING amulet of regeneration.
 16639 | D:14     | 16639 ||| READING scroll labelled TEIQOI WUEMU.
 16699 | D:14     | 16699 ||| DRINKING 5 lumpy green potions.
 16700 | D:14     | 16700 ||| DRINKING 9 potions of curing.
 16700 | D:14     | 16700 ||| (to cure confusion)
 16701 | D:14     | 16701 ||| DRINKING 3 blue potions.
 16702 | D:14     | 16702 ||| READING 10 scrolls of identify.
 16702 | D:14     | 16702 ||| IDENTIFYING coppery potion
 16703 | D:14     | 16703 ||| DROPPING 4 potions of ambrosia.
 16704 | D:14     | 16704 ||| DROPPING potion of enlightenment.
 16734 | D:15     | Entered Level 15 of the Dungeon
 16891 | D:15     | 16891 ||| INVOKING Heroism.
 16923 | D:15     | Reached skill level 15 in Fighting
 16942 | D:15     | Found a staircase to the Depths.
 16975 | D:15     | Found a stormy altar of Qazlal.
 16985 | D:15     | 16985 ||| Stepping ~*~*~tactically~*~*~ (outnumbered).
 16987 | D:15     | 16987 ||| Stepping ~*~*~tactically~*~*~ (outnumbered).
 16990 | D:15     | Identified the scarf of the Evening {+Inv, rC+ Int+5}
                  | (Okawaru gifted it to you on level 15 of the Dungeon)
 16990 | D:15     | Received a gift from Okawaru
 16991 | D:15     | 16991 ||| FLEEEEING.
 17184 | D:15     | Reached skill level 9 in Dodging
 17352 | D:15     | 17352 ||| PLANNING ORC
 17352 | D:15     | 17352 ||| DROPPING scarf of the Evening {+Inv, rC+ Int+5}.
 17423 | Orc:1    | Entered Level 1 of the Orcish Mines
 17434 | Orc:1    | 17434 ||| INVOKING Heroism.
 17435 | Orc:1    | 17435 ||| INVOKING Finesse.
 17678 | Orc:1    | 17678 ||| INVOKING Heroism.
 17679 | Orc:1    | 17679 ||| INVOKING Finesse.
 17876 | Orc:2    | Entered Level 2 of the Orcish Mines
 17877 | Orc:2    | 17877 ||| INVOKING Heroism.
 17935 | Orc:2    | 17935 ||| Stepping ~*~*~tactically~*~*~ (outnumbered).
 18014 | Orc:2    | 18014 ||| INVOKING Heroism.
 18017 | Orc:2    | 18017 ||| INVOKING Finesse.
 18074 | Orc:2    | Found Kotonn's Antique Armour Shop.
 18083 | Orc:2    | 18083 ||| BUYING embroidered robe (114 gold).
 18083 | Orc:2    | Bought an embroidered robe for 114 gold pieces
 18087 | Orc:2    | Found Sejem's Assorted Antiques.
 18099 | Orc:2    | 18099 ||| BUYING potion of attraction (63 gold).
 18099 | Orc:2    | Bought a potion of attraction for 63 gold pieces
 18099 | Orc:2    | 18099 ||| BUYING potion of might (84 gold).
 18099 | Orc:2    | Bought a potion of might for 84 gold pieces
 18099 | Orc:2    | 18099 ||| INVOKING Heroism.
 18108 | Orc:2    | Reached skill level 16 in Fighting
 18127 | Orc:2    | Identified the +0 pair of gloves "Gaymeuni" {*Slow rElec
                  | rC+++ Int-2} (Okawaru gifted it to you on level 2 of the
                  | Orcish Mines)
 18127 | Orc:2    | Received a gift from Okawaru
 18194 | Orc:2    | Found Ydwoemp's Book Emporium.
 18275 | Orc:2    | 18275 ||| INVOKING Heroism.
 18290 | Orc:2    | Found Feitsaij's General Store.
 18307 | Orc:2    | Found a staircase to the Elven Halls.
 18357 | Orc:2    | Reached XP level 17. HP: 115/115 MP: 24/24
 18751 | Orc:2    | Found Cisueh's Antique Weapon Boutique.
 18957 | Orc:2    | 18957 ||| PLANNING SWAMP:1-3
 19112 | Swamp:1  | Entered Level 1 of the Swamp
 19113 | Swamp:1  | 19113 ||| INVOKING Heroism.
 19167 | Swamp:1  | Noticed Frances
 19175 | Swamp:1  | Killed Frances
 19255 | Swamp:1  | 19255 ||| INVOKING Heroism.
 19591 | Swamp:1  | 19591 ||| READING 10 scrolls of identify.
 19591 | Swamp:1  | 19591 ||| IDENTIFYING fizzy pink potion
 19592 | Swamp:1  | 19592 ||| DROPPING potion of berserk rage.
 19617 | Swamp:2  | 19617 ||| INVOKING Heroism.
 19676 | Swamp:2  | 19676 ||| INVOKING Heroism.
 19745 | Swamp:2  | 19745 ||| INVOKING Heroism.
 19772 | Swamp:2  | Reached skill level 17 in Fighting
 20028 | Swamp:2  | 20028 ||| INVOKING Heroism.
 20124 | Swamp:2  | 20124 ||| INVOKING Heroism.
 20460 | Swamp:2  | 20460 ||| DROPPING ring of willpower.
 20461 | Swamp:2  | 20461 ||| DROPPING +6 ring of strength.
 20462 | Swamp:2  | 20462 ||| UPGRADING to +6 ring of dexterity.
 20464 | Swamp:2  | 20464 ||| UPGRADING to scarf of resistance.
 20474 | Swamp:2  | 20474 ||| DROPPING ring of see invisible.
 20502 | Swamp:3  | 20502 ||| INVOKING Heroism.
 20578 | Swamp:3  | 20578 ||| INVOKING Heroism.
 20922 | Swamp:3  | 20922 ||| INVOKING Heroism.
 21045 | Swamp:3  | 21045 ||| PLANNING SPIDER:1-3
 21045 | Swamp:3  | 21045 ||| READING scroll labelled FAIPRA GIRI.
 21046 | Swamp:3  | 21046 ||| DRINKING 2 fuming green potions.
 21193 | Spider:1 | Entered Level 1 of the Spider Nest
 21540 | Spider:1 | 21540 ||| INVOKING Heroism.
 21712 | Spider:1 | 21712 ||| DRINKING 12 potions of curing.
 21712 | Spider:1 | 21712 ||| (to cure confusion)
 21865 | Spider:1 | 21865 ||| INVOKING Heroism.
 21898 | Spider:1 | 21898 ||| INVOKING Finesse.
 22019 | Spider:2 | Received a gift from Okawaru
 22056 | Spider:2 | 22056 ||| INVOKING Heroism.
 22169 | Spider:2 | Noticed Aizul
 22170 | Spider:2 | 22170 ||| INVOKING Heroism.
 22171 | Spider:2 | 22171 ||| INVOKING Finesse.
 22188 | Spider:2 | Killed Aizul
 22245 | Spider:2 | Identified the +1 pair of gloves of the Telling Gods {rPois
                  | rF+ rC+ rCorr} (Okawaru gifted it to you on level 2 of the
                  | Spider Nest)
 22245 | Spider:2 | Received a gift from Okawaru
 22254 | Spider:2 | Reached XP level 18. HP: 116/124 MP: 25/25
 22290 | Spider:2 | Identified the +2 whip of Gin and Tonic {speed, *Rage
                  | Will++ Int+4}
 22368 | Spider:2 | 22368 ||| INVOKING Heroism.
 22426 | Spider:2 | 22426 ||| INVOKING Finesse.
 22438 | Spider:2 | Noticed Jorgrun
 22441 | Spider:2 | 22441 ||| INVOKING Heroism.
 22475 | Spider:2 | Killed Jorgrun
 22480 | Spider:2 | Reached skill level 18 in Fighting
 22611 | Spider:2 | 22611 ||| INVOKING Heroism.
 22800 | Spider:2 | 22800 ||| INVOKING Heroism.
 23145 | Spider:2 | 23145 ||| UPGRADING to +1 pair of gloves of the Telling
                  | Gods {rPois rF+ rC+ rCorr}.
 23155 | Spider:2 | 23155 ||| UPGRADING to +1 cloak "Tudi Sov" {rN+}.
 23165 | Spider:2 | 23165 ||| READING 14 scrolls of identify.
 23165 | Spider:2 | 23165 ||| IDENTIFYING fuming coppery potion
 23480 | Spider:3 | 23480 ||| INVOKING Heroism.
 23482 | Spider:3 | 23482 ||| DRINKING 11 potions of curing.
 23482 | Spider:3 | 23482 ||| (to cure confusion)
 23584 | Spider:3 | Identified the ring of the Gloaming {rF+ rC+ MP+9 Dex-5
                  | Stlth+}
 24410 | Spider:3 | 24410 ||| PLANNING SWAMP:4
 24410 | Spider:3 | 24410 ||| DROPPING +2 robe of cold resistance.
 24590 | Swamp:4  | Entered Level 4 of the Swamp
 24595 | Swamp:4  | 24595 ||| STAIRDANCE
 24607 | Swamp:3  | Reached skill level 15 in Armour
 24682 | Swamp:4  | 24682 ||| INVOKING Heroism.
 24707 | Swamp:4  | Noticed Bai Suzhen
 24708 | Swamp:4  | 24708 ||| INVOKING Finesse.
 24716 | Swamp:4  | 24716 ||| STAIRDANCE
 24742 | Swamp:3  | Reached skill level 12 in Dodging
 24905 | Swamp:4  | 24905 ||| INVOKING Heroism.
 24934 | Swamp:4  | Killed Bai Suzhen
 24937 | Swamp:4  | HP: 29/125 [five-headed hydra[a spriggan druid] (8)]
 24938 | Swamp:4  | 24938 ||| READING 15 scrolls of teleportation.
 24938 | Swamp:4  | HP: 12/125 [six-headed hydra (17)]
 24938 | Swamp:4  | HP: 1/125 [six-headed hydra (11)]
 24939 | Swamp:4  | 24939 ||| DRINKING potion of heal wounds.
 24944 | Swamp:4  | 24944 ||| READING 14 scrolls of teleportation.
 24944 | Swamp:4  | HP: 18/125 [eight-headed hydra (5)]
 24948 | Swamp:4  | 24948 ||| Stepping ~*~*~tactically~*~*~ (outnumbered).
 24949 | Swamp:4  | 24949 ||| Stepping ~*~*~tactically~*~*~ (outnumbered).
 24949 | Swamp:4  | HP: 8/125 [eight-headed hydra (2)]
 25006 | Swamp:4  | 25006 ||| READING 13 scrolls of teleportation.
 25007 | Swamp:4  | 25007 ||| INVOKING Heroism.
 25148 | Swamp:4  | 25148 ||| INVOKING Heroism.
 25259 | Swamp:4  | 25259 ||| INVOKING Heroism.
 25284 | Swamp:4  | 25284 ||| Stepping ~*~*~tactically~*~*~ (outnumbered).
 25286 | Swamp:4  | 25286 ||| Stepping ~*~*~tactically~*~*~ (outnumbered).
 25290 | Swamp:4  | 25290 ||| Stepping ~*~*~tactically~*~*~ (outnumbered).
 25292 | Swamp:4  | 25292 ||| Stepping ~*~*~tactically~*~*~ (outnumbered).
 25294 | Swamp:4  | 25294 ||| Stepping ~*~*~tactically~*~*~ (outnumbered).
 25328 | Swamp:4  | 25328 ||| FLEEEEING.
 25332 | Swamp:4  | 25332 ||| FLEEEEING.
 25333 | Swamp:4  | 25333 ||| FLEEEEING.
 25334 | Swamp:4  | 25334 ||| FLEEEEING.
 25335 | Swamp:4  | 25335 ||| STAIRDANCE
 25482 | Swamp:4  | 25482 ||| Stepping ~*~*~tactically~*~*~ (outnumbered).
 25488 | Swamp:4  | 25488 ||| Stepping ~*~*~tactically~*~*~ (outnumbered).
 25741 | Swamp:4  | Got a decaying rune of Zot
 25743 | Swamp:4  | 25743 ||| PLANNING VAULTS:1-4
 25765 | Swamp:4  | 25765 ||| PLANNING SWAMP:4
 25766 | Swamp:4  | 25766 ||| PLANNING VAULTS:1-4
 25783 | Swamp:4  | 25783 ||| PLANNING SWAMP:4
 25784 | Swamp:4  | 25784 ||| PLANNING VAULTS:1-4
 25801 | Swamp:4  | 25801 ||| PLANNING SWAMP:4
 25802 | Swamp:4  | 25802 ||| PLANNING VAULTS:1-4
 25838 | Swamp:4  | 25838 ||| PLANNING SWAMP:4
 25838 | Swamp:4  | 25838 ||| READING 13 scrolls of teleportation.
 25839 | Swamp:4  | 25839 ||| PLANNING VAULTS:1-4
 25986 | Vaults:1 | Entered Level 1 of the Vaults
 25987 | Vaults:1 | 25987 ||| PLANNING WIZLAB
 26024 | Vaults:1 | 26024 ||| INVOKING Heroism.
 26239 | Vaults:1 | Identified the +1 pair of boots of Dishonour {-Cast rF- rN+
                  | Str+8} (Okawaru gifted it to you on level 1 of the Vaults)
 26239 | Vaults:1 | Received a gift from Okawaru
 26258 | Vaults:1 | 26258 ||| FLEEEEING.
 26259 | Vaults:1 | 26259 ||| FLEEEEING.
 26260 | Vaults:1 | 26260 ||| FLEEEEING.
 26261 | Vaults:1 | 26261 ||| FLEEEEING.
 26411 | Vaults:1 | Found a huge runed gate.
 26412 | Vaults:1 | Found a huge runed gate.
 26413 | Vaults:1 | Found a huge runed gate.
 26414 | Vaults:1 | Found a huge runed gate.
 26414 | Vaults:1 | Found a huge runed gate.
 26414 | Vaults:1 | Found a huge runed gate.
 26416 | Vaults:1 | Found a huge runed gate.
 26416 | Vaults:1 | Found a huge runed gate.
 26417 | Vaults:1 | Found a huge runed gate.
 26418 | Vaults:1 | Found a huge runed gate.
 26421 | Vaults:1 | Found a huge runed gate.
 26421 | Vaults:1 | Found a huge runed gate.
 26421 | Vaults:1 | Found a huge runed gate.
 26421 | Vaults:1 | Found a huge runed gate.
 26421 | Vaults:1 | Found a huge runed gate.
 26421 | Vaults:1 | Found a huge runed gate.
 26422 | Vaults:1 | Found a huge runed gate.
 26423 | Vaults:1 | Found a huge runed gate.
 26424 | Vaults:1 | Found a huge runed gate.
 26452 | Vaults:1 | Identified the +1 pair of boots "Quojag" {rPois Slay+3}
 26466 | Vaults:1 | Reached XP level 19. HP: 132/132 MP: 26/26
 26478 | Vaults:1 | Reached skill level 19 in Fighting
 26488 | Vaults:1 | 26488 ||| FLEEEEING.
 26708 | Vaults:1 | 26708 ||| RIP WIZLAB
 26715 | Vaults:1 | 26715 ||| PLANNING VAULTS:1-4
 26784 | Vaults:1 | Found a huge runed gate.
 26784 | Vaults:1 | Found a huge runed gate.
 26784 | Vaults:1 | Found a huge runed gate.
 26784 | Vaults:1 | Found a huge runed gate.
 26784 | Vaults:1 | Found a huge runed gate.
 26784 | Vaults:1 | Found a huge runed gate.
 26785 | Vaults:1 | Found a huge runed gate.
 26786 | Vaults:1 | Found a huge runed gate.
 26787 | Vaults:1 | Found a huge runed gate.
 26940 | Vaults:1 | Found a huge runed gate.
 26940 | Vaults:1 | Found a huge runed gate.
 26940 | Vaults:1 | Found a huge runed gate.
 26940 | Vaults:1 | Found a huge runed gate.
 26940 | Vaults:1 | Found a huge runed gate.
 26940 | Vaults:1 | Found a huge runed gate.
 26941 | Vaults:1 | Found a huge runed gate.
 27039 | Vaults:1 | Found a huge runed gate.
 27070 | Vaults:1 | Found Peamuy's Weapon Shoppe.
 27074 | Vaults:1 | 27074 ||| Stepping ~*~*~tactically~*~*~ (outnumbered).
 27180 | Vaults:1 | 27180 ||| Stepping ~*~*~tactically~*~*~ (outnumbered).
 27319 | Vaults:1 | Received a gift from Okawaru
 27322 | Vaults:1 | 27322 ||| INVOKING Heroism.
 27538 | Vaults:1 | 27538 ||| DROPPING +1 pair of boots of Dishonour {-Cast rF-
                  | rN+ Str+8}.
 27539 | Vaults:1 | 27539 ||| DROPPING +1 pair of boots "Quojag" {rPois
                  | Slay+3}.
 27540 | Vaults:1 | 27540 ||| DROPPING amulet of the acrobat.
 27589 | Vaults:2 | Identified the +7 longbow "Joetul" {freeze, rF- rC++ Will+}
 27874 | Vaults:2 | 27874 ||| INVOKING Heroism.
 27942 | Vaults:2 | HP: 25/132 [vault sentinel/+0 war axe (14)]
 27943 | Vaults:2 | 27943 ||| READING 12 scrolls of teleportation.
 27976 | Vaults:2 | 27976 ||| FLEEEEING.
 27977 | Vaults:2 | 27977 ||| FLEEEEING.
 27978 | Vaults:2 | 27978 ||| FLEEEEING.
 27979 | Vaults:2 | 27979 ||| FLEEEEING.
 27980 | Vaults:2 | 27980 ||| FLEEEEING.
 27981 | Vaults:2 | 27981 ||| FLEEEEING.
 27983 | Vaults:2 | 27983 ||| FLEEEEING.
 27984 | Vaults:2 | 27984 ||| STAIRDANCE
 28289 | Vaults:2 | Identified the +3 orcbow of Conscience {flame, rElec SInv}
                  | (Okawaru gifted it to you on level 2 of the Vaults)
 28289 | Vaults:2 | Received a gift from Okawaru
 28426 | Vaults:2 | 28426 ||| FLEEEEING.
 28718 | Vaults:2 | Found Duodumn's Distillery.
 28757 | Vaults:2 | 28757 ||| BUYING potion of cancellation (88 gold).
 28757 | Vaults:2 | Bought a potion of cancellation for 88 gold pieces
 28757 | Vaults:2 | 28757 ||| BUYING potion of curing (33 gold).
 28757 | Vaults:2 | Bought a potion of curing for 33 gold pieces
 28757 | Vaults:2 | 28757 ||| BUYING potion of lignification (33 gold).
 28757 | Vaults:2 | Bought a potion of lignification for 33 gold pieces
 28757 | Vaults:2 | 28757 ||| BUYING potion of magic (88 gold).
 28757 | Vaults:2 | Bought a potion of magic for 88 gold pieces
 28815 | Vaults:2 | Identified the +5 ring mail of Hopscotch {rN+}
 29036 | Vaults:3 | Reached ****** piety under Okawaru
 29060 | Vaults:3 | You are sucked into a shaft and drop 1 floor!
 29137 | Vaults:3 | Reached skill level 20 in Fighting
 29411 | Vaults:3 | Received a gift from Okawaru
 29436 | Vaults:3 | Identified the +0 pair of boots of Vampiric Thralls {Contam
                  | rElec rC+ Stlth+} (Okawaru gifted it to you on level 3 of
                  | the Vaults)
 29436 | Vaults:3 | Received a gift from Okawaru
 29467 | Vaults:3 | 29467 ||| FLEEEEING.
 29468 | Vaults:3 | 29468 ||| FLEEEEING.
 29474 | Vaults:3 | 29474 ||| FLEEEEING.
 29475 | Vaults:3 | 29475 ||| FLEEEEING.
 29478 | Vaults:3 | 29478 ||| FLEEEEING.
 29479 | Vaults:3 | 29479 ||| FLEEEEING.
 29480 | Vaults:3 | 29480 ||| FLEEEEING.
 29481 | Vaults:3 | 29481 ||| FLEEEEING.
 29482 | Vaults:3 | 29482 ||| FLEEEEING.
 29483 | Vaults:3 | 29483 ||| FLEEEEING.
 29484 | Vaults:3 | 29484 ||| FLEEEEING.
 29485 | Vaults:3 | 29485 ||| FLEEEEING.
 29486 | Vaults:3 | 29486 ||| FLEEEEING.
 29487 | Vaults:3 | 29487 ||| FLEEEEING.
 29488 | Vaults:3 | 29488 ||| FLEEEEING.
 29489 | Vaults:3 | 29489 ||| FLEEEEING.
 29490 | Vaults:3 | 29490 ||| FLEEEEING.
 29491 | Vaults:3 | 29491 ||| FLEEEEING.
 29492 | Vaults:3 | 29492 ||| FLEEEEING.
 29493 | Vaults:3 | 29493 ||| FLEEEEING.
 29494 | Vaults:3 | 29494 ||| FLEEEEING.
 29495 | Vaults:3 | 29495 ||| FLEEEEING.
 29496 | Vaults:3 | 29496 ||| FLEEEEING.
 29497 | Vaults:3 | 29497 ||| FLEEEEING.
 29500 | Vaults:3 | 29500 ||| FLEEEEING.
 29501 | Vaults:3 | 29501 ||| FLEEEEING.
 29502 | Vaults:3 | 29502 ||| FLEEEEING.
 29503 | Vaults:3 | 29503 ||| FLEEEEING.
 29504 | Vaults:3 | 29504 ||| FLEEEEING.
 29505 | Vaults:3 | 29505 ||| FLEEEEING.
 29506 | Vaults:3 | 29506 ||| FLEEEEING.
 29508 | Vaults:3 | 29508 ||| STAIRDANCE
 29790 | Vaults:3 | 29790 ||| Stepping ~*~*~tactically~*~*~ (outnumbered).
 29791 | Vaults:3 | 29791 ||| Stepping ~*~*~tactically~*~*~ (outnumbered).
 29856 | Vaults:3 | Reached XP level 20. HP: 140/140 MP: 27/27
 29871 | Vaults:3 | Reached skill level 18 in Armour
 30134 | Vaults:3 | Found Asemolux's Distillery.
 30135 | Vaults:3 | 30135 ||| DROPPING +0 pair of boots of Vampiric Thralls
                  | {Contam rElec rC+ Stlth+}.
 30136 | Vaults:3 | 30136 ||| DROPPING scarf of harm.
 30147 | Vaults:3 | 30147 ||| BUYING potion of curing (48 gold).
 30147 | Vaults:3 | Bought a potion of curing for 48 gold pieces
 30147 | Vaults:3 | 30147 ||| BUYING potion of curing (48 gold).
 30147 | Vaults:3 | Bought a potion of curing for 48 gold pieces
 30147 | Vaults:3 | 30147 ||| BUYING potion of curing (48 gold).
 30147 | Vaults:3 | Bought a potion of curing for 48 gold pieces
 30147 | Vaults:3 | 30147 ||| BUYING potion of haste (160 gold).
 30147 | Vaults:3 | Bought a potion of haste for 160 gold pieces
 30147 | Vaults:3 | 30147 ||| BUYING potion of heal wounds (80 gold).
 30147 | Vaults:3 | Bought a potion of heal wounds for 80 gold pieces
 30147 | Vaults:3 | 30147 ||| BUYING potion of might (64 gold).
 30147 | Vaults:3 | Bought a potion of might for 64 gold pieces
 30147 | Vaults:3 | 30147 ||| BUYING potion of might (64 gold).
 30147 | Vaults:3 | Bought a potion of might for 64 gold pieces
 30363 | Vaults:3 | Found a staircase to the Crypt.
 30484 | Vaults:4 | 30484 ||| Stepping ~*~*~tactically~*~*~ (outnumbered).
 30486 | Vaults:4 | 30486 ||| Stepping ~*~*~tactically~*~*~ (outnumbered).
 30487 | Vaults:4 | 30487 ||| Stepping ~*~*~tactically~*~*~ (outnumbered).
 30489 | Vaults:4 | 30489 ||| Stepping ~*~*~tactically~*~*~ (outnumbered).
 30491 | Vaults:4 | 30491 ||| Stepping ~*~*~tactically~*~*~ (outnumbered).
 30726 | Vaults:4 | Noticed Frederick
 30727 | Vaults:4 | 30727 ||| INVOKING Heroism.
 30728 | Vaults:4 | 30728 ||| INVOKING Finesse.
 30737 | Vaults:4 | Killed Frederick
 30865 | Vaults:4 | Identified the +2 pair of gloves "Aleorgh" {SInv} (Okawaru
                  | gifted it to you on level 4 of the Vaults)
 30865 | Vaults:4 | Received a gift from Okawaru
 31105 | Vaults:4 | 31105 ||| READING scroll of acquirement.
 31105 | Vaults:4 | 31105 ||| ACQUIRING 1107 gold pieces
 31105 | Vaults:4 | Acquired 1107 gold pieces
 31113 | Vaults:4 | 31113 ||| INVOKING Heroism.
 31227 | Vaults:4 | Identified the +0 scale mail "Inaran" {+Inv rPois Dex+4
                  | Slay+2}
 31347 | Vaults:4 | Reached skill level 21 in Fighting
 31424 | Vaults:4 | Found Serioree's Weapon Shop.
 31506 | Vaults:4 | 31506 ||| Stepping ~*~*~tactically~*~*~ (outnumbered).
 31507 | Vaults:4 | 31507 ||| Stepping ~*~*~tactically~*~*~ (outnumbered).
 31566 | Vaults:4 | 31566 ||| INVOKING Heroism.
 32041 | Vaults:4 | 32041 ||| PLANNING SPIDER:4
 32041 | Vaults:4 | 32041 ||| DROPPING +2 pair of gloves.
 32042 | Vaults:4 | 32042 ||| DROPPING +4 ring of protection.
 32347 | Spider:4 | Entered Level 4 of the Spider Nest
 32357 | Spider:4 | Identified the +10 storm dragon scales of a bailey {Drain
                  | Fly rElec rC+ Dex+2} (Okawaru gifted it to you on level 4
                  | of the Spider Nest)
 32357 | Spider:4 | Received a gift from Okawaru
 32373 | Spider:4 | 32373 ||| Stepping ~*~*~tactically~*~*~ (outnumbered).
 32398 | Spider:4 | 32398 ||| FLEEEEING.
 32399 | Spider:4 | 32399 ||| FLEEEEING.
 32402 | Spider:4 | 32402 ||| FLEEEEING.
 32492 | Spider:4 | 32492 ||| Stepping ~*~*~tactically~*~*~ (outnumbered).
 32567 | Spider:4 | 32567 ||| Stepping ~*~*~tactically~*~*~ (outnumbered).
 32615 | Spider:4 | 32615 ||| INVOKING Heroism.
 32905 | Spider:4 | Got a gossamer rune of Zot
 32975 | Spider:4 | Reached XP level 21. HP: 149/149 MP: 7/28
 33275 | Spider:4 | 33275 ||| DROPPING scarf of invisibility.
 33276 | Spider:4 | 33276 ||| PLANNING DEPTHS
 33276 | Spider:4 | 33276 ||| DROPPING +1 pair of gloves of stealth.
 33277 | Spider:4 | 33277 ||| UPGRADING to +2 hat of willpower.
 33567 | Depths:1 | Entered Level 1 of the Depths
 33665 | Depths:1 | Found a one-way gateway to a ziggurat.
 33740 | Depths:1 | 33740 ||| Stepping ~*~*~tactically~*~*~ (outnumbered).
 33905 | Depths:1 | Noticed Asterion
 33906 | Depths:1 | 33906 ||| INVOKING Heroism.
 33907 | Depths:1 | 33907 ||| INVOKING Finesse.
 33908 | Depths:1 | 33908 ||| Stepping ~*~*~tactically~*~*~ (outnumbered).
 33925 | Depths:1 | Killed Asterion
 34000 | Depths:1 | Reached skill level 15 in Dodging
 34115 | Depths:1 | Identified the amulet "Tuiwn" {Spirit Dex+3}
 34162 | Depths:1 | 34162 ||| FLEEEEING.
 34163 | Depths:1 | 34163 ||| FLEEEEING.
 34164 | Depths:1 | 34164 ||| FLEEEEING.
 34165 | Depths:1 | 34165 ||| FLEEEEING.
 34166 | Depths:1 | 34166 ||| FLEEEEING.
 34167 | Depths:1 | 34167 ||| FLEEEEING.
 34173 | Depths:1 | 34173 ||| INVOKING Finesse.
 34183 | Depths:1 | Identified the +1 chain mail of Cowardice {Fly SInv}
                  | (Okawaru gifted it to you on level 1 of the Depths)
 34183 | Depths:1 | Received a gift from Okawaru
 34318 | Depths:1 | Reached skill level 22 in Fighting
 34440 | Depths:1 | Found an iron altar of Okawaru.
 34601 | Depths:1 | Found a gateway to Hell.
 35026 | Depths:2 | 35026 ||| Stepping ~*~*~tactically~*~*~ (outnumbered).
 35031 | Depths:2 | 35031 ||| Stepping ~*~*~tactically~*~*~ (outnumbered).
 35035 | Depths:2 | 35035 ||| Stepping ~*~*~tactically~*~*~ (outnumbered).
 35098 | Depths:2 | 35098 ||| INVOKING Heroism.
 35250 | Depths:2 | Found a one-way gate leading to the halls of Pandemonium.
 35280 | Depths:2 | Identified the +3 hand axe of Cataclysm {protect, Str+2
                  | Dex+2}
 35389 | Depths:2 | 35389 ||| INVOKING Heroism.
 35398 | Depths:2 | 35398 ||| INVOKING Finesse.
 35446 | Depths:2 | Identified the +1 plate armour of Pyede {Str+3}
 35490 | Depths:2 | Noticed a golden dragon
 35491 | Depths:2 | 35491 ||| INVOKING Heroism.
 35492 | Depths:2 | 35492 ||| INVOKING Finesse.
 35502 | Depths:2 | Killed a golden dragon
 35511 | Depths:2 | Identified the +1 mace "Kuextad" {heavy, Int+4}
 35554 | Depths:2 | Found the +6 Majin-Bo {spellvamp, MP+6 Int+6}
 35558 | Depths:2 | Identified the +7 falchion of Fate {freeze, *Rage *Noise
                  | rF+ Dex+6}
 35559 | Depths:2 | Identified the +4 war axe "Atitump" {holy, rC+ Int+3}
 35571 | Depths:2 | 35571 ||| INVOKING Heroism.
 35572 | Depths:2 | 35572 ||| INVOKING Finesse.
 35629 | Depths:2 | 35629 ||| INVOKING Heroism.
 35751 | Depths:2 | 35751 ||| INVOKING Heroism.
 35752 | Depths:2 | 35752 ||| Stepping ~*~*~tactically~*~*~ (outnumbered).
 35756 | Depths:2 | 35756 ||| Stepping ~*~*~tactically~*~*~ (outnumbered).
 35852 | Depths:2 | Identified the +1 scale mail of Plog {rPois}
 35922 | Depths:2 | 35922 ||| INVOKING Heroism.
 36160 | Depths:2 | Found a one-way gate to the infinite horrors of the Abyss.
 36265 | Depths:3 | 36265 ||| Stepping ~*~*~tactically~*~*~ (outnumbered).
 36290 | Depths:3 | 36290 ||| Stepping ~*~*~tactically~*~*~ (outnumbered).
 36292 | Depths:3 | 36292 ||| Stepping ~*~*~tactically~*~*~ (outnumbered).
 36305 | Depths:3 | Reached XP level 22. HP: 136/158 MP: 29/29
 36305 | Depths:3 | 36305 ||| FLEEEEING.
 36306 | Depths:3 | 36306 ||| FLEEEEING.
 36307 | Depths:3 | 36307 ||| FLEEEEING.
 36308 | Depths:3 | 36308 ||| FLEEEEING.
 36309 | Depths:3 | 36309 ||| FLEEEEING.
 36310 | Depths:3 | 36310 ||| FLEEEEING.
 36311 | Depths:3 | 36311 ||| Stepping ~*~*~tactically~*~*~ (outnumbered).
 36312 | Depths:3 | 36312 ||| FLEEEEING.
 36334 | Depths:3 | 36334 ||| INVOKING Heroism.
 36339 | Depths:3 | Reached skill level 23 in Fighting
 36776 | Depths:3 | 36776 ||| INVOKING Heroism.
 37407 | Depths:3 | 37407 ||| DROPPING +1 pair of gloves.
 37436 | Depths:4 | Entered Level 4 of the Depths
 37436 | Depths:4 | Found Ritur's Distillery.
 37436 | Depths:4 | Found Dimidet's Antique Armour Shop.
 37437 | Depths:4 | 37437 ||| INVOKING Heroism.
 37470 | Depths:4 | 37470 ||| BUYING 2 potions of heal wounds (160 gold).
 37470 | Depths:4 | Bought 2 potions of heal wounds for 160 gold pieces
 37470 | Depths:4 | 37470 ||| BUYING potion of attraction (48 gold).
 37470 | Depths:4 | Bought a potion of attraction for 48 gold pieces
 37470 | Depths:4 | 37470 ||| BUYING potion of curing (48 gold).
 37470 | Depths:4 | Bought a potion of curing for 48 gold pieces
 37470 | Depths:4 | 37470 ||| BUYING potion of curing (48 gold).
 37470 | Depths:4 | Bought a potion of curing for 48 gold pieces
 37470 | Depths:4 | 37470 ||| BUYING potion of curing (48 gold).
 37470 | Depths:4 | Bought a potion of curing for 48 gold pieces
 37470 | Depths:4 | 37470 ||| BUYING potion of haste (160 gold).
 37470 | Depths:4 | Bought a potion of haste for 160 gold pieces
 37470 | Depths:4 | 37470 ||| BUYING potion of heal wounds (80 gold).
 37470 | Depths:4 | Bought a potion of heal wounds for 80 gold pieces
 37470 | Depths:4 | 37470 ||| BUYING potion of heal wounds (80 gold).
 37470 | Depths:4 | Bought a potion of heal wounds for 80 gold pieces
 37470 | Depths:4 | 37470 ||| BUYING potion of mutation (128 gold).
 37470 | Depths:4 | Bought a potion of mutation for 128 gold pieces
 37470 | Depths:4 | 37470 ||| BUYING potion of mutation (128 gold).
 37470 | Depths:4 | Bought a potion of mutation for 128 gold pieces
 37479 | Depths:4 | 37479 ||| BUYING dazzling steam dragon scales (1890 gold).
 37479 | Depths:4 | Bought dazzling steam dragon scales for 1890 gold pieces
 37479 | Depths:4 | Identified the +0 steam dragon scales "Ton Vael" {Str+2}
                  | (You bought it in a shop on level 4 of the Depths)
 37479 | Depths:4 | 37479 ||| BUYING glowing hat (294 gold).
 37479 | Depths:4 | Bought a glowing hat for 294 gold pieces
 37488 | Depths:4 | Identified the +2 halberd of the Carved God {freeze, rF-
                  | rC+++ Int+3 Dex-2}
 37515 | Depths:4 | Identified the +0 troll leather armour "Nudof" {Contam
                  | Rampage Fly Regen+ Dex+6} (Okawaru gifted it to you on
                  | level 4 of the Depths)
 37515 | Depths:4 | Received a gift from Okawaru
 37524 | Depths:4 | 37524 ||| INVOKING Finesse.
 37525 | Depths:4 | 37525 ||| Stepping ~*~*~tactically~*~*~ (outnumbered).
 37529 | Depths:4 | 37529 ||| Stepping ~*~*~tactically~*~*~ (outnumbered).
 37607 | Depths:4 | Found Zauqari's Antique Weapon Boutique.
 37620 | Depths:4 | Noticed a juggernaut
 37623 | Depths:4 | 37623 ||| INVOKING Heroism.
 37624 | Depths:4 | 37624 ||| INVOKING Finesse.
 37630 | Depths:4 | Killed a juggernaut
 37631 | Depths:4 | Reached skill level 24 in Fighting
 37746 | Depths:4 | Found Licesiomp's General Store.
 37859 | Depths:4 | 37859 ||| INVOKING Heroism.
 37979 | Depths:4 | 37979 ||| Stepping ~*~*~tactically~*~*~ (outnumbered).
 38000 | Depths:4 | 38000 ||| INVOKING Heroism.
 38177 | Depths:4 | Noticed Vv
 38177 | Depths:4 | 38177 ||| DRINKING 2 potions of resistance.
 38178 | Depths:4 | 38178 ||| INVOKING Heroism.
 38179 | Depths:4 | 38179 ||| INVOKING Finesse.
 38183 | Depths:4 | 38183 ||| Stepping ~*~*~tactically~*~*~ (outnumbered).
 38222 | Depths:4 | Killed Vv
 38322 | Depths:4 | 38322 ||| Stepping ~*~*~tactically~*~*~ (outnumbered).
 38323 | Depths:4 | 38323 ||| Stepping ~*~*~tactically~*~*~ (outnumbered).
 38392 | Depths:4 | Found a gate to the Realm of Zot.
 38392 | Depths:4 | Noticed a golden dragon
 38392 | Depths:4 | Noticed a golden dragon
 38393 | Depths:4 | 38393 ||| INVOKING Heroism.
 38393 | Depths:4 | Noticed a golden dragon
 38394 | Depths:4 | 38394 ||| INVOKING Finesse.
 38395 | Depths:4 | 38395 ||| Stepping ~*~*~tactically~*~*~ (outnumbered).
 38406 | Depths:4 | Killed a golden dragon
 38412 | Depths:4 | Killed a golden dragon
 38437 | Depths:4 | Killed a golden dragon
 38797 | Depths:4 | 38797 ||| BUYING 2 potions of curing (114 gold).
 38797 | Depths:4 | Bought 2 potions of curing for 114 gold pieces
 38797 | Depths:4 | 38797 ||| BUYING potion of heal wounds (95 gold).
 38797 | Depths:4 | Bought a potion of heal wounds for 95 gold pieces
 38797 | Depths:4 | 38797 ||| BUYING potion of might (76 gold).
 38797 | Depths:4 | Bought a potion of might for 76 gold pieces
 38797 | Depths:4 | 38797 ||| SHOPLISTING potion of resistance (190 gold, have
                  | 62).
 38797 | Depths:4 | 38797 ||| DROPPING +2 leather armour of cold resistance.
 38798 | Depths:4 | 38798 ||| PLANNING VAULTS:5
 38798 | Depths:4 | 38798 ||| DROPPING +5 ring mail of Hopscotch {rN+}.
 38799 | Depths:4 | 38799 ||| DROPPING +0 steam dragon scales "Ton Vael"
                  | {Str+2}.
 38800 | Depths:4 | 38800 ||| DROPPING +1 hat.
 38801 | Depths:4 | 38801 ||| UPGRADING to +0 troll leather armour "Nudof"
                  | {Contam Rampage Fly Regen+ Dex+6}.
 38811 | Depths:4 | 38811 ||| DROPPING quicksilver dragon scales.
 39120 | Vaults:5 | Entered Level 5 of the Vaults
 39132 | Vaults:5 | 39132 ||| STAIRDANCE
 39139 | Vaults:4 | 39139 ||| INVOKING Heroism.
 39254 | Vaults:5 | 39254 ||| STAIRDANCE
 39259 | Vaults:4 | 39259 ||| INVOKING Heroism.
 39353 | Vaults:5 | 39353 ||| STAIRDANCE
 39359 | Vaults:4 | 39359 ||| INVOKING Heroism.
 39491 | Vaults:5 | 39491 ||| STAIRDANCE
 39498 | Vaults:4 | Received a gift from Okawaru
 39533 | Vaults:4 | 39533 ||| DROPPING +3 longbow of draining.
 39540 | Vaults:5 | Identified the amulet "Ciprydgh" {Spirit Will+}
 39541 | Vaults:5 | 39541 ||| INVOKING Heroism.
 39542 | Vaults:5 | 39542 ||| INVOKING Finesse.
 39563 | Vaults:5 | Noticed a dread lich
 39575 | Vaults:5 | 39575 ||| STAIRDANCE
 39669 | Vaults:5 | 39669 ||| INVOKING Heroism.
 39670 | Vaults:5 | 39670 ||| INVOKING Finesse.
 39693 | Vaults:5 | Paralysed by a dread lich for 5 turns
 39694 | Vaults:5 | Noticed an ancient lich
 39695 | Vaults:5 | HP: 40/161 [cyan very ugly thing (7)]
 39696 | Vaults:5 | HP: 16/161 [fire giant/+2 great sword of flaming (26)]
 39696 | Vaults:5 | HP: 5/161 [titan (11)]
 39696 | Vaults:5 | HP: 2/161 [lich (3)]
 39697 | Vaults:5 | Slain by a fire giant

Levels and vault maps discovered:
D:1:      ebering_trefoil_3fold, layout_basic
D:2:      layout_basic, hellmonk_ecumenical_altar_run_dry, serial_shops, shop,
          minmay_randomly_rotated_circles, uniq_terence
D:3:      layout_basic, guppyfry_early_orc_mine, uniq_grinder
D:4:      minmay_recursive_quarters, layout_basic,
          minmay_temple_entry_glassed_door, minmay_quadrilaterals
D:5:      layout_loops_ring, uniq_sigmund
D:6:      layout_loops_ring, nicolae_wu_jian_wuxing_cycle, uniq_pikel
D:7:      layout_loops_ring, serial_shops, shop
D:8:      layout_gridville, uniq_maggie
D:9:      kennysheep_six_static_rooms, layout_basic, lair_entry_dummy,
          kennysheep_kite_vault, uniq_harold
D:10:     layout_roguey, uniq_joseph
D:11:     layout_layer_cave, serial_shops, shop, shop,
          nicolae_book_shop_shelving, nicolae_shop_real_fake_doors,
          nicolae_shop_tiny_statue_garden, gauntlet_entry_generic,
          nicolae_sextant
D:12:     layout_irregular_city, orc_0_dummy, tso_oasis_becter, uniq_erolcha,
          uniq_nergalle
D:13:     layout_basic, david_vaults_3, pond
D:14:     regret_index_harrowing_hell_hive, layout_rooms, serial_bayou_lagoon_a,
          minmay_the_grid_square_5x5_3x3_mashed
          [minmay_the_grid_square_5x5_bite, minmay_the_grid_square_5x5_tie,
          minmay_the_grid_square_5x5_spiral_small,
          minmay_the_grid_square_5x5_three_small,
          minmay_the_grid_square_5x5_megaprize_checkered,
          minmay_the_grid_square_5x5_hollow_slash,
          minmay_the_grid_square_5x5_minimal,
          minmay_the_grid_square_5x5_shrine2, minmay_the_grid_square_5x5_v]
D:15:     grunt_enter_depths_magical_seal, layout_basic,
          nicolae_qazlal_style_of_elements, minmay_misc_feat_columns,
          hangedman_decor_growths, amcnicky_mini_pool_medium
Temple:   mainiacjoe_temple_starburst
Lair:1:   layout_misc_corridors, st_stairs_5, minmay_hedge_maze,
          beast_lair_carwin_2, uniq_urug
Lair:2:   layout_roguey, swamp_mist_pool, serial_bayou_pond_a,
          dreamdust_gnoll_shepherd
Lair:3:   layout_regular_city, spider_nest_entry_funnel_web,
          lemuel_fruit_fields, lemuel_fruit_fields, uniq_josephine
Lair:4:   layout_misc_corridors, slime_entry_1, beast_lair_carwin_9,
          serial_bayou_shore_a
Lair:5:   due_jungle_book, layout_gridlike, ebering_ghost_xom,
          grunt_megastairs_4
Swamp:1:  layout_basic_swamp, evilmike_swamp_ruin_house_3, uniq_frances
Swamp:2:  layout_basic_swamp, evilmike_swamp_ruin_house_4, swamp_pool3,
          nicolae_swamp_well_well_well
Swamp:3:  layout_basic_swamp, nicolae_swamp_tree_designs
Swamp:4:  swamp, layout_basic_swamp, grunt_witch_cave, uniq_bai_suzhen
Spider:1: layout_cave_pods, drop_trap, nicolae_spider_rock_and_or_roll
Spider:2: layout_cave_pods, uniq_jorgrun, uniq_aizul
Spider:3: layout_chambers, nicolae_spider_checkerboard,
          hangedman_spider_tarantella_strand
Spider:4: grunt_spider_rune_circles
Orc:1:    layout_caves
Orc:2:    grunt_orc_gardens, layout_diamond_mine, grunt_orc_garden,
          grunt_orc_garden, grunt_orc_garden, grunt_orc_garden, serial_shops,
          shop
Vaults:1: infiniplex_enter_wizlab_water, not_door_vault_due,
          hangedman_vaults_stream, grunt_vaults_funnel,
          nicolae_vaults_taking_the_gang_shopping,
          nicolae_vaults_shrinking_rooms_1, vaults_room_large_hall,
          nicolae_vaults_hexular_roomagon, v_misc_15,
          nicolae_vaults_trapezoid_lopsided_1, nicolae_vaults_puzzle_piece,
          nicolae_vaults_bisected_exclaves, nicolae_vaults_house_3, v_misc_16,
          ontoclasm_vaults_pinch, layout_vaults_maze
Vaults:2: nicolae_vaults_circle_grid_a, vaults_mumra_minichess, v_misc_13,
          vaults_room_door_hall, nicolae_vaults_theta,
          vaults_standard_mumra_lines, hangedman_vaults_impose,
          nicolae_vaults_sealed_display, vaults_room_pools,
          nicolae_vaults_yaktaur_gun_rack, nicolae_vaults_holding_cells,
          nicolae_vaults_ninety_degrees, v_misc_25, layout_vaults_omnicross,
          serial_shops, nicolae_square_shop
Vaults:3: nicolae_vaults_little_squares_4, nicolae_vaults_circle_grid_a,
          minmay_crypt_entry_simple_walls, v_misc_22,
          grunt_vaults_hallway_short, nicolae_vaults_network_star,
          vaults_room_ringed_pool, nicolae_vaults_three_branches,
          vaults_dpeg_encased_lava, layout_vaults_quadrants, serial_shops,
          nicolae_shop_tiny_glass
Vaults:4: nicolae_vaults_network_quinsquares
          [nicolae_vaults_network_quincunx_subvault,
          nicolae_vaults_network_quincunx_subvault,
          nicolae_vaults_network_quincunx_subvault,
          nicolae_vaults_network_quincunx_subvault],
          nicolae_vaults_little_squares_5, nicolae_vaults_diagonal_hallway_7,
          nicolae_vaults_sesquioval_fish, nicolae_vaults_storage_closets_2,
          v_misc_25, nicolae_vaults_surprise_closet, v_misc_11,
          nicolae_vaults_sesquioval_fish, nicolae_vaults_octothorpe,
          nicolae_vaults_murder_corner, nicolae_vaults_tetromino_T_2,
          vaults_room_door_ring, vaults_room_stairs_pillars,
          nicolae_vaults_tetromino_L_1, layout_vaults_omnibox, serial_shops,
          nicolae_shop_advertising_works [nicolae_subvault_shop_adworks],
          uniq_frederick
Vaults:5: uniq_margery
Depths:1: layout_gridlike, enter_ziggurat_d, chequers_serial_rivers_micro_a,
          grunt_hell_entry_dis_mu, kennysheep_okawaru_gauntlet, uniq_asterion
Depths:2: minmay_fractal_lines_corner, layout_basic, nicolae_water_bricks,
          pan_entry, grunt_metal_band, abyss_entry
Depths:3: minmay_inner_zag, layout_gridlike, abyss_entry, hell_entry,
          minmay_misc_feat_rows, serial_bayou_ford_a,
          infiniplex_staircase_pool_2
Depths:4: grunt_zot_entry_tricorne, layout_small_grid, abyss_entry_crystal,
          hell_entry, serial_shops, shop_coins, shop,
          nicolae_inconvenience_store, nicolae_shop_just_a_little_nook,
          serial_bayou_pond_c, uniq_josephina, uniq_vv

Skill      XL: |  1  2  3  4  5  6  7  8  9 10 11 12 13 14 15 16 17 18 19 20 21 22 |
---------------+-------------------------------------------------------------------+-----
Ranged Weapons | 5 6 7 9 11 12 13 15 17 19 20 | 20.0
Fighting       | 4 5 7 8 9 10 11 13 16 17 18 20 21 22 24 | 24.0
Armour         | 4 6 7 11 12 14 16 17 19 | 19.0
Dodging        | 2 3 4 5 6 7 8 9 11 12 13 14 16 17 | 17.8
Invocations    | 3 4 8 10 | 10.0
Stealth        | |  1.1

Action                     |  1- 3 |  4- 6 |  7- 9 | 10-12 | 13-15 | 16-18 | 19-21 | 22-24 || total
---------------------------+-------+-------+-------+-------+-------+-------+-------+-------++-------
   Fire: Shortbow          |    68 |       |       |       |       |       |       |       ||    68
         Longbow           |     9 |    54 |   202 |   483 |  1143 |  1631 |  1899 |   608 ||  6029
 Invoke: Heroism           |       |       |     4 |    19 |    19 |    37 |    14 |    13 ||   106
         Finesse           |       |       |       |     2 |     6 |     8 |     6 |     6 ||    28
    Use: Scroll            |     2 |     3 |     6 |     5 |     9 |     9 |     2 |       ||    36
         Potion            |       |       |     2 |       |     1 |     7 |       |     1 ||    11
 Armour: Leather armour    |    10 |       |       |       |       |       |       |       ||    10
         Ring mail         |       |     6 |    29 |    51 |   124 |       |       |       ||   210
         Quicksilver drago |       |       |       |       |    84 |   246 |   242 |    31 ||   603
         Troll leather arm |       |       |       |       |       |       |       |    88 ||    88
  Dodge: Dodged            |    14 |     8 |    40 |    67 |   327 |  1019 |   786 |   429 ||  2690
         Repelled          |       |       |       |       |     4 |     9 |       |       ||    13

Table legend:
 A = Non-vault XP
 B = Vault XP
 C = Vault XP percentage of total XP
 D = Non-vault monster count
 E = Vault monster count
 F = Vault count percentage of total count
                 A         B        C        D         E       F
            +---------+---------+-------+---------+---------+-------
      Total |  424920 |  279618 |  39.7 |    1080 |     516 |  32.3
            +---------+---------+-------+---------+---------+-------
        D:1 |      23 |       0 |   0.0 |      13 |       0 |   0.0
        D:2 |     104 |      57 |  35.4 |      14 |       7 |  33.3
        D:3 |     175 |     289 |  62.3 |      28 |       8 |  22.2
        D:4 |     339 |     203 |  37.5 |      18 |      14 |  43.8
        D:5 |     795 |     231 |  22.5 |      15 |       1 |   6.2
        D:6 |    1021 |     617 |  37.7 |      22 |       1 |   4.3
        D:7 |     977 |       0 |   0.0 |      25 |       0 |   0.0
        D:8 |    1058 |     379 |  26.4 |      24 |       1 |   4.0
        D:9 |    3249 |    4270 |  56.8 |      33 |      23 |  41.1
       D:10 |    3098 |     466 |  13.1 |      24 |       1 |   4.0
       D:11 |    3241 |       0 |   0.0 |      20 |       0 |   0.0
       D:12 |    2356 |    4344 |  64.8 |      13 |      10 |  43.5
       D:13 |    4065 |    5127 |  55.8 |       8 |      16 |  66.7
       D:14 |    7954 |   19347 |  70.9 |      19 |      68 |  78.2
       D:15 |   10577 |    6519 |  38.1 |      19 |      13 |  40.6
     Lair:1 |    6554 |    3689 |  36.0 |      36 |       8 |  18.2
     Lair:2 |   10560 |    1049 |   9.0 |      30 |       5 |  14.3
     Lair:3 |    6859 |    2314 |  25.2 |      25 |       8 |  24.2
     Lair:4 |   10318 |    2262 |  18.0 |      31 |       7 |  18.4
     Lair:5 |   20897 |   17531 |  45.6 |      65 |      41 |  38.7
    Swamp:1 |    4871 |    1522 |  23.8 |      10 |       1 |   9.1
    Swamp:2 |   17933 |       0 |   0.0 |      33 |       0 |   0.0
    Swamp:3 |   14522 |    2319 |  13.8 |      22 |       3 |  12.0
    Swamp:4 |    7371 |   15677 |  68.0 |      14 |      27 |  65.9
   Spider:1 |   17546 |    4156 |  19.2 |      46 |       5 |   9.8
   Spider:2 |   19003 |    3105 |  14.0 |      55 |       2 |   3.5
   Spider:3 |   11637 |     265 |   2.2 |      34 |       1 |   2.9
   Spider:4 |   16414 |   18714 |  53.3 |      34 |      39 |  53.4
      Orc:1 |    5134 |       0 |   0.0 |      45 |       0 |   0.0
      Orc:2 |    1227 |    9800 |  88.9 |      20 |      27 |  57.4
   Vaults:1 |   20589 |   15108 |  42.3 |      36 |      24 |  40.0
   Vaults:2 |   19496 |   18729 |  49.0 |      30 |      27 |  47.4
   Vaults:3 |   34012 |    7113 |  17.3 |      45 |      11 |  19.6
   Vaults:4 |   23503 |   51904 |  68.8 |      31 |      57 |  64.8
   Vaults:5 |       0 |   14877 | 100.0 |       0 |      14 | 100.0
   Depths:1 |   35122 |    3871 |   9.9 |      44 |       3 |   6.4
   Depths:2 |   33936 |   14302 |  29.6 |      44 |      13 |  22.8
   Depths:3 |   18878 |    3697 |  16.4 |      26 |       4 |  13.3
   Depths:4 |   29506 |   22912 |  43.7 |      29 |      16 |  35.6
   Gauntlet |       0 |    2853 | 100.0 |       0 |      10 | 100.0
            +---------+---------+-------+---------+---------+-------
